 Dungeon Crawl Stone Soup version 0.22.0-38-g04b72b8 (webtiles) character file.

31131 Lew the Blocker (level 13, -8/104 HPs)
             Began as a Gnoll Fighter on Aug 26, 2018.
             Was the Champion of Okawaru.
             Killed themself with a badly aimed iceblast (12 damage)
             ... on level 14 of the Dungeon.
             The game lasted 00:48:55 (14426 turns).

Lew the Blocker (Gnoll Fighter)                    Turns: 14426, Time: 00:48:56

Health: -8/104     AC: 21    Str: 21    XL:     13   Next: 56%
Magic:  25/25      EV: 10    Int: 13    God:    Okawaru [******]
Gold:   3201       SH: 17    Dex: 17    Spells: 28/28 levels left

rFire    x . .     SeeInvis +   K - +7 broad axe
rCold    . . .     Gourm    .   c - +5 shield
rNeg     . . .     Faith    .   H - +0 plate armour of Proximity {rF- MR++ Regen+ rCorr}
rPois    .         Spirit   .   (no helmet)
rElec    .         Reflect  .   D - +2 cloak
rCorr    +         Harm     .   z - +0 pair of gloves
MR       ++...                  b - +0 pair of boots
Stlth    ..........             w - amulet of magic regeneration
HPRegen  0.67/turn              E - ring of see invisible
MPRegen  0.44/turn              s - +2 ring of dexterity

@: no status effects
A: distributed training, fangs 1, strong nose
a: Heroism, Finesse, Renounce Religion


You were on level 14 of the Dungeon.
You worshipped Okawaru.
Okawaru was exalted by your worship.
You were near starving.

You visited 2 branches of the dungeon, and saw 15 of its levels.
You also visited: Ice Cave.

You collected 3201 gold pieces.

Inventory:

Hand Weapons
 K - a +7 broad axe (weapon)
Armour
 b - a +0 pair of boots (worn)
 c - a +5 shield (worn)
 z - a +0 pair of gloves (worn)
 D - a +2 cloak (worn)
 H - the +0 plate armour of Proximity (worn) {rF- MR++ Regen+ rCorr}
   (You found it on level 7 of the Dungeon)

   It makes you vulnerable to fire.
   It affects your resistance to hostile enchantments.
   It increases your rate of regeneration.
   It provides partial protection from all sources of acid and corrosion.
 I - a +1 large shield of poison resistance
 R - the +0 troll leather armour "Kangiotwice" {Regen+ rCorr}
   (You found it on level 11 of the Dungeon)

   It increases your rate of regeneration.
   It provides partial protection from all sources of acid and corrosion.
Jewellery
 j - a +1 ring of protection
 l - an uncursed ring of stealth
 s - a +2 ring of dexterity (right hand)
 u - an uncursed ring of flight
 w - an amulet of magic regeneration (around neck)
 E - a ring of see invisible (left hand)
 J - an uncursed ring of stealth
 L - an uncursed ring of positive energy
Wands
 p - a wand of iceblast (22)
 r - a wand of polymorph (8)
 y - a wand of random effects (104)
 A - a wand of digging (6)
 O - a wand of flame (47)
Scrolls
 e - 3 scrolls of teleportation
 i - 7 scrolls of remove curse
 x - 6 scrolls of noise
Potions
 g - 2 potions of resistance
 h - a potion of haste
 m - 6 potions of curing
 o - 3 potions of flight
 t - 3 potions of brilliance
 v - 3 potions of lignification
 B - a potion of might
 C - a potion of magic
Miscellaneous
 S - a phial of floods (inert)
Comestibles
 f - 18 rations


   Skills:
 + Level 10.5 Fighting
 + Level 8.2 Short Blades
 + Level 8.2 Long Blades
 + Level 9.5 Axes
 + Level 8.2 Maces & Flails
 + Level 8.2 Polearms
 + Level 8.2 Staves
 + Level 8.2 Slings
 + Level 8.2 Bows
 + Level 8.2 Crossbows
 + Level 8.2 Throwing
 + Level 10.5 Armour
 + Level 8.2 Dodging
 + Level 8.2 Stealth
 + Level 10.5 Shields
 + Level 8.2 Unarmed Combat
 + Level 8.2 Spellcasting
 + Level 6.9 Conjurations
 + Level 6.9 Hexes
 + Level 6.9 Charms
 + Level 6.9 Summonings
 + Level 6.9 Necromancy
 + Level 6.9 Translocations
 + Level 6.9 Transmutations
 + Level 6.9 Fire Magic
 + Level 6.9 Ice Magic
 + Level 6.9 Air Magic
 + Level 6.9 Earth Magic
 + Level 6.9 Poison Magic
 + Level 9.0 Invocations
 + Level 8.2 Evocations


You had 28 spell levels left.
You didn't know any spells.
Your spell library contained the following spells:

 Spells                   Type           Power        Failure   Level  Hunger
 Sandblast                Erth           ###...       21%         1    None
 Summon Small Mammal      Summ           ###.         21%         1    None
 Call Imp                 Summ           ###.....     30%         2    None
 Passwall                 Tmut/Erth      ###.....     30%         2    None
 Call Canine Familiar     Summ           ###.....     52%         3    ##.....
 Stone Arrow              Conj/Erth      ###...       52%         3    ##.....
 Summon Guardian Golem    Hex/Summ       ###.....     52%         3    ##.....
 Petrify                  Tmut/Erth      ###.....     90%         4    ####...
 Summon Ice Beast         Ice/Summ       ###.....     90%         4    ####...
 Summon Lightning Spire   Summ/Air       ###.....     90%         4    ####...
 Lee's Rapid Deconstruct  Erth           ###.......   99%         5    #####..


Dungeon Overview and Level Annotations

Branches:
Dungeon (14/15)            Temple (1/1) D:4            Lair (0/6) D:11
    Orc (0/2) D:10         Vaults (0/5) D:13

Altars:
Ashenzari
Cheibriados
Dithmenos
Elyvilon
Fedhas
Gozag
Hepliaklqana
Kikubaaqudgha
Makhleb
Nemelex Xobeh
Okawaru
Qazlal
Ru
Sif Muna
Trog
Uskayaw
Vehumet
Wu Jian
Xom
Yredelemnul
Zin
The Shining One


Innate Abilities, Weirdness & Mutations

Your experience applies equally to all skills.
You have very sharp teeth.
Your uncanny sense of smell can sniff out nearby items.


Message History

The fireball explodes!
The fireball engulfs Agnes.
Agnes is almost dead.
The fireball engulfs you! The fire burns you terribly!
* * * LOW HITPOINT WARNING * * *
You hear an angry hiss.
You hear a bellow!
Agnes is engulfed in a cloud of scalding steam.
Agnes hits you with a lajatang of electrocution!
* * * LOW HITPOINT WARNING * * *
Evoke which item? (* to show all) (? for menu, Esc to quit)
Aiming: Random Effects
Press: ? - help, Shift-Dir - straight line, f/p - Agnes
Aim: Agnes, wielding a lajatang of electrocution and wearing a robe (steam, almost dead, misshapen and mutated)
The mass of ice explodes!
The iceblast engulfs Agnes.
You kill Agnes!
Okawaru is honoured by your kill. Something appears at your feet!
Okawaru grants you ammunition!
Your Invocations skill increases to level 9!
The iceblast engulfs you!
You die...

#.#......# ####.#.##.).#
#..<....##..#### #.##.#........i.
**#### ######.##.#...#.)#<##
,,,..# #.....>.#<.......#.##
***#.# ######.####..####.##.##...
####.###....[....#,,,,...##.#####
.........####.##@#*,**#####......
##.#.##### #..§§§/.# *...####
##.#<# #..§§§..# *.,,* .....#
#.##≈##.# *,,,* ##.### #.#≈.#*.#
*,,,* *#.#******* #.#.##*,#
*,,.####
,..#*,,,,,**#...,**∆******,∆.....
####*,,,,,**,,..,,,,,,,,,,,,....F
*,,,,,,,,,,,,,,,,,,,,,,,.....


There were no monsters in sight!

Vanquished Creatures
  Agnes (D:14)
  An entropy weaver (shapeshifter) (D:13)
  Josephine (D:12)
  3 hydras
  The ghost of Anothat the Blocker, a novice DDFi of Makhleb (D:10)
  3 two-headed ogres
  2 centaur warriors
  A tengu warrior (D:13)
  4 skeletal warriors (D:13)
  2 unseen horrors
  An orc knight (D:10)
  A deep elf mage (D:12)
  2 ugly things
  2 cyclopes
  A manticore (D:11)
  Maurice (D:8)
  4 gargoyles
  2 ice statues (IceCv)
  2 centaur skeletons
  A kobold demonologist (D:12)
  A komodo dragon (D:10)
  2 ice devils (D:14)
  A troll (D:12)
  A hornet (D:12)
  2 hippogriffs
  A shadow (D:12)
  6 yaks (D:9)
  3 wraiths (D:12)
  A wyvern (D:13)
  2 hungry ghosts
  The ghost of kirsanium the Insei, an amateur GnTm (D:3)
  4 vampire mosquitoes
  3 wargs
  A soldier ant (D:12)
  An acid dragon (D:13)
  7 orc warriors
  An ice beast (shapeshifter) (D:13)
  6 sky beasts
  2 phantoms
  10 ice beasts
  6 ogres
  4 centaurs
  3 big kobolds
  7 bullfrogs
  2 wyvern zombies (D:12)
  3 water moccasin zombies
  5 scorpions
  A water moccasin skeleton (D:7)
  10 killer bees
  6 wights
  7 howler monkeys
  5 crimson imps
  A quasit (D:8)
  A bullfrog zombie (D:5)
  A centaur zombie (D:11)
  5 hounds
  9 jellies
  A gnoll shaman (D:6)
  18 orc priests
  2 bullfrog skeletons
  13 orc wizards
  Terence (D:2)
  6 iguanas
  14 worker ants
  Ijyb (D:3)
  3 hound zombies
  2 hound skeletons
  A howler monkey zombie (D:9)
  2 worker ant zombies
  9 gnolls
  15 adders
  A howler monkey skeleton (D:8)
  A shadow imp (D:13)
  5 oozes (D:8)
  2 adder skeletons
  A worm (D:6)
  A worm (shapeshifter) (D:13)
  2 dart slugs (D:2)
  6 leopard geckos
  64 orcs
  12 bats
  4 giant cockroaches
  11 goblins
  5 hobgoblins
  16 jackals
  3 quokkas
  A ball python (D:2)
  5 frilled lizards
  A jackal skeleton (D:8)
  A jackal zombie (D:5)
  23 kobolds
  A leopard gecko zombie (D:8)
  A quokka skeleton (D:5)
  7 rats
430 creatures vanquished.

Vanquished Creatures (others)
  An ugly thing (IceCv)
  An orc wizard (D:5)
  A fungus (D:3)
  2 plants (D:3)
5 creatures vanquished.

Grand Total: 435 creatures vanquished

Notes
Turn   | Place    | Note
-------+----------+-------------------------------------------
     0 | D:1      | Lew the Gnoll Fighter began the quest for the Orb.
     0 | D:1      | Reached XP level 1. HP: 23/23 MP: 1/1
   141 | D:1      | Reached XP level 2. HP: 29/29 MP: 2/2
   387 | D:1      | Reached XP level 3. HP: 22/35 MP: 3/3
   728 | D:2      | Reached skill level 1 in Invocations
   752 | D:2      | Reached skill level 1 in Short Blades
   752 | D:2      | Reached skill level 1 in Long Blades
   752 | D:2      | Reached skill level 1 in Maces & Flails
   752 | D:2      | Reached skill level 1 in Polearms
   752 | D:2      | Reached skill level 1 in Staves
   752 | D:2      | Reached skill level 1 in Slings
   752 | D:2      | Reached skill level 1 in Bows
   752 | D:2      | Reached skill level 1 in Crossbows
   752 | D:2      | Reached skill level 1 in Throwing
   752 | D:2      | Reached skill level 1 in Dodging
   752 | D:2      | Reached skill level 1 in Stealth
   752 | D:2      | Reached skill level 1 in Unarmed Combat
   752 | D:2      | Reached skill level 1 in Spellcasting
   752 | D:2      | Reached skill level 1 in Evocations
   769 | D:2      | Reached XP level 4. HP: 32/41 MP: 5/5
   807 | D:2      | Found an ancient bone altar of Kikubaaqudgha.
   838 | D:2      | Noticed Terence
   849 | D:2      | Killed Terence
   999 | D:2      | Reached skill level 1 in Conjurations
   999 | D:2      | Reached skill level 1 in Hexes
   999 | D:2      | Reached skill level 1 in Charms
   999 | D:2      | Reached skill level 1 in Summonings
   999 | D:2      | Reached skill level 1 in Necromancy
   999 | D:2      | Reached skill level 1 in Translocations
   999 | D:2      | Reached skill level 1 in Transmutations
   999 | D:2      | Reached skill level 1 in Fire Magic
   999 | D:2      | Reached skill level 1 in Ice Magic
   999 | D:2      | Reached skill level 1 in Air Magic
   999 | D:2      | Reached skill level 1 in Earth Magic
   999 | D:2      | Reached skill level 1 in Poison Magic
  1316 | D:3      | Found a glowing silver altar of Zin.
  1321 | D:3      | Found a deep blue altar of Sif Muna.
  1324 | D:3      | Found an iron altar of Okawaru.
  1327 | D:3      | Found a basalt altar of Yredelemnul.
  1350 | D:3      | Reached XP level 5. HP: 47/47 MP: 6/6
  1365 | D:3      | Became a worshipper of Warmaster Okawaru
  1502 | D:3      | Found a stormy altar of Qazlal.
  1586 | D:3      | Noticed Ijyb
  1594 | D:3      | Killed Ijyb
  1619 | D:3      | Found a white marble altar of Elyvilon.
  1755 | D:3      | Reached XP level 6. HP: 50/53 MP: 8/8
  1802 | D:3      | Found a runed gate.
  1802 | D:3      | Found a runed gate.
  1804 | D:3      | Found a runed gate.
  1808 | D:3      | Noticed kirsanium's ghost (amateur GnTm)
  2001 | D:3      | Killed kirsanium's ghost
  2001 | D:3      | Reached skill level 5 in Axes
  2348 | D:3      | Reached XP level 7. HP: 58/59 MP: 10/10
  2408 | D:3      | Reached * piety under Okawaru
  3101 | D:4      | Found a staircase to the Ecumenical Temple.
  3122 | Temple   | Entered the Ecumenical Temple
  3245 | D:4      | Reached XP level 8. HP: 67/67 MP: 12/12
  4129 | D:5      | Entered Level 5 of the Dungeon
  4336 | D:5      | Reached ** piety under Okawaru
  4992 | D:6      | Reached XP level 9. HP: 72/72 MP: 14/14
  5202 | D:6      | Found a sparkling altar of Nemelex Xobeh.
  5272 | D:6      | Reached *** piety under Okawaru
  5601 | D:6      | Found an iron altar of Okawaru.
  6238 | D:7      | Got a crude plate armour
  6239 | D:7      | Identified the cursed +0 plate armour of Proximity {rF- MR++ Regen+ rCorr} (You found it on level 7 of the Dungeon)
  6532 | D:7      | Found a bloodstained altar of Trog.
  6548 | D:7      | Reached skill level 5 in Invocations
  6852 | D:7      | Found a shadowy altar of Dithmenos.
  7201 | D:8      | Reached **** piety under Okawaru
  7236 | D:8      | Reached XP level 10. HP: 77/80 MP: 17/17
  7291 | D:8      | Found a burning altar of Makhleb.
  7298 | D:8      | Noticed Maurice
  7420 | D:8      | Received a gift from Okawaru
  7706 | D:8      | Found a shattered altar of Ashenzari.
  7864 | D:8      | Killed Maurice
  7864 | D:8      | Reached skill level 5 in Short Blades
  7864 | D:8      | Reached skill level 5 in Long Blades
  7864 | D:8      | Reached skill level 5 in Maces & Flails
  7864 | D:8      | Reached skill level 5 in Polearms
  7864 | D:8      | Reached skill level 5 in Staves
  7864 | D:8      | Reached skill level 5 in Slings
  7864 | D:8      | Reached skill level 5 in Bows
  7864 | D:8      | Reached skill level 5 in Crossbows
  7864 | D:8      | Reached skill level 5 in Throwing
  7864 | D:8      | Reached skill level 5 in Dodging
  7864 | D:8      | Reached skill level 5 in Stealth
  7864 | D:8      | Reached skill level 5 in Unarmed Combat
  7864 | D:8      | Reached skill level 5 in Spellcasting
  7864 | D:8      | Reached skill level 5 in Evocations
  8398 | D:9      | Noticed a two-headed ogre
  8412 | D:9      | Killed a two-headed ogre
  9103 | D:10     | Entered Level 10 of the Dungeon
  9162 | D:10     | Reached ***** piety under Okawaru
  9162 | D:10     | Received a gift from Okawaru
  9301 | D:10     | Reached XP level 11. HP: 75/87 MP: 19/19
  9330 | D:10     | Received a gift from Okawaru
  9609 | D:10     | Found a staircase to the Orcish Mines.
  9642 | D:10     | Found a runed gate.
  9643 | D:10     | Found an opulent altar of Gozag.
  9644 | D:10     | Found a runed gate.
  9644 | D:10     | Found a runed gate.
  9644 | D:10     | Noticed Anothat's ghost (novice DDFi)
  9644 | D:10     | Noticed an orc knight
 10222 | D:10     | Killed an orc knight
 10222 | D:10     | Reached skill level 5 in Conjurations
 10222 | D:10     | Reached skill level 5 in Hexes
 10222 | D:10     | Reached skill level 5 in Charms
 10222 | D:10     | Reached skill level 5 in Summonings
 10222 | D:10     | Reached skill level 5 in Necromancy
 10222 | D:10     | Reached skill level 5 in Translocations
 10222 | D:10     | Reached skill level 5 in Transmutations
 10222 | D:10     | Reached skill level 5 in Fire Magic
 10222 | D:10     | Reached skill level 5 in Ice Magic
 10222 | D:10     | Reached skill level 5 in Air Magic
 10222 | D:10     | Reached skill level 5 in Earth Magic
 10222 | D:10     | Reached skill level 5 in Poison Magic
 10225 | D:10     | Killed Anothat's ghost
 10393 | D:11     | Noticed a two-headed ogre
 10401 | D:11     | Killed a two-headed ogre
 10530 | D:11     | Noticed a cyclops
 10541 | D:11     | Killed a cyclops
 10603 | D:11     | Found a staircase to the Lair.
 10629 | D:11     | Noticed a manticore
 10641 | D:11     | Killed a manticore
 10728 | D:11     | Noticed a four-headed hydra
 10739 | D:11     | Killed a four-headed hydra
 10814 | D:11     | Noticed an unseen horror
 10823 | D:11     | Killed an unseen horror
 10823 | D:11     | Received a gift from Okawaru
 10823 | D:11     | Reached ****** piety under Okawaru
 10826 | D:11     | Got steaming steam dragon scales {god gift}
 10827 | D:11     | Identified the +0 steam dragon scales of Moiwir {Str+5} (Okawaru gifted it to you on level 11 of the Dungeon)
 10836 | D:11     | Got a translucent troll leather armour
 10854 | D:11     | Identified the cursed +0 troll leather armour "Kangiotwice" {Regen+ rCorr} (You found it on level 11 of the Dungeon)
 10969 | D:11     | Reached XP level 12. HP: 96/96 MP: 22/22
 11081 | D:12     | Noticed a five-headed hydra
 11085 | D:12     | Killed a six-headed hydra
 11134 | D:12     | Noticed Josephine
 11150 | D:12     | Killed Josephine
 12437 | D:13     | Received a gift from Okawaru
 12437 | D:13     | Reached skill level 10 in Fighting
 12437 | D:13     | Reached skill level 10 in Armour
 12437 | D:13     | Reached skill level 10 in Shields
 12585 | D:13     | Identified a scroll of acquirement
 12653 | D:13     | Noticed a spark wasp
 12659 | D:13     | Noticed an entropy weaver
 12659 | D:13     | a spark wasp changed into an entropy weaver
 12674 | D:13     | Killed an entropy weaver
 12680 | D:13     | Reached XP level 13. HP: 59/103 MP: 24/24
 12772 | D:13     | Found a gate to the Vaults.
 13320 | D:14     | Noticed Agnes
 13501 | D:14     | Found a frozen archway.
 13625 | IceCv    | Entered an ice cave
 13643 | IceCv    | Found a transporter.
 13780 | IceCv    | Found a transporter.
 14078 | D:14     | HP: 4/104 [cyclops/large rock (35)]
 14246 | D:14     | HP: 4/104 [Agnes/lajatang of electrocution (8)]
 14425 | D:14     | HP: 4/104 [Agnes/lajatang of electrocution (14)]
 14426 | D:14     | Killed Agnes
 14426 | D:14     | Received a gift from Okawaru
 14426 | D:14     | Killed themself with a badly aimed iceblast

Skill      XL: |  1  2  3  4  5  6  7  8  9 10 11 12 13 |
---------------+----------------------------------------+-----
Invocations    | 1 2 3 4 5 6 7 8 9 |  9.0
Short Blades   | 1 2 3 4 5 6 7 8 |  8.2
Long Blades    | 1 2 3 4 5 6 7 8 |  8.2
Maces & Flails | 1 2 3 4 5 6 7 8 |  8.2
Polearms       | 1 2 3 4 5 6 7 8 |  8.2
Staves         | 1 2 3 4 5 6 7 8 |  8.2
Slings         | 1 2 3 4 5 6 7 8 |  8.2
Bows           | 1 2 3 4 5 6 7 8 |  8.2
Crossbows      | 1 2 3 4 5 6 7 8 |  8.2
Throwing       | 1 2 3 4 5 6 7 8 |  8.2
Dodging        | 1 2 3 4 5 6 7 8 |  8.2
Stealth        | 1 2 3 4 5 6 7 8 |  8.2
Unarmed Combat | 1 2 3 4 5 6 7 8 |  8.2
Spellcasting   | 1 2 3 4 5 6 7 8 |  8.2
Evocations     | 1 2 3 4 5 6 7 8 |  8.2
Conjurations   | 1 2 3 4 5 6 |  6.9
Hexes          | 1 2 3 4 5 6 |  6.9
Charms         | 1 2 3 4 5 6 |  6.9
Summonings     | 1 2 3 4 5 6 |  6.9
Necromancy     | 1 2 3 4 5 6 |  6.9
Translocations | 1 2 3 4 5 6 |  6.9
Transmutations | 1 2 3 4 5 6 |  6.9
Fire Magic     | 1 2 3 4 5 6 |  6.9
Ice Magic      | 1 2 3 4 5 6 |  6.9
Air Magic      | 1 2 3 4 5 6 |  6.9
Earth Magic    | 1 2 3 4 5 6 |  6.9
Poison Magic   | 1 2 3 4 5 6 |  6.9
Axes           | 5 6 7 8 9 |  9.5
Fighting       | 7 8 9 10 | 10.5
Armour         | 7 8 9 10 | 10.5
Shields        | 7 8 9 10 | 10.5

Action                   |  1- 3 |  4- 6 |  7- 9 | 10-12 | 13-15 || total
-------------------------+-------+-------+-------+-------+-------++-------
Melee: War axe           |   106 |    22 |       |       |       ||   128
       Bite              |     9 |    13 |    56 |   140 |    47 ||   265
       Hand axe          |       |   117 |   407 |   876 |   174 ||  1574
       Broad axe         |       |       |       |       |    42 ||    42
Evoke: Wand              |       |       |     3 |    22 |    36 ||    61
       Phial of floods   |       |       |       |       |     1 ||     1
  Use: Scroll            |     4 |     6 |     9 |    12 |    15 ||    46
       Potion            |     3 |     3 |     5 |     3 |     8 ||    22
 Stab: Paralysed         |       |       |       |     4 |    39 ||    43
       Invisible         |       |       |       |     1 |       ||     1
       Distracted        |       |       |       |       |     3 ||     3
  Eat: Chunk             |       |     4 |     8 |    13 |       ||    25
       Ration            |       |       |     4 |     2 |     1 ||     7
Armor: Scale mail        |    42 |    15 |       |       |       ||    57
       Chain mail        |       |    37 |    98 |       |       ||   135
       Plate armour      |       |       |    48 |   249 |    96 ||   393
Dodge: Dodged            |    36 |    26 |    83 |   152 |    51 ||   348
Block: Shield            |    80 |    92 |   243 |   654 |   187 ||  1256
